 Dungeon Crawl Stone Soup version 0.28-a0-1347-g113dc556a4 (webtiles) character file.

Game seed: 11282369718049149655

170 bearlyready the Magician (level 5, -3/35 HPs)
             Began as a Djinni Fire Elementalist on Dec 29, 2021.
             Slain by Edmund (7 damage)
             ... on level 4 of the Dungeon.
             The game lasted 00:05:12 (4045 turns).

bearlyready the Magician (Djinni Fire Elementalist) Turns: 4045, Time: 00:05:12

Health: -3/35      AC:  5    Str:  7    XL:     5   Next: 80%
Gold:   73         EV: 12    Int: 19    God:
                   SH:  0    Dex: 13

rFire   + + .      SeeInvis .   q - staff of fire
rCold   + . .      Faith    .   (no shield)
rNeg    . . .      Spirit   .   a - +0 robe
rPois   ∞          Reflect  .   (no helmet)
rElec   .          Harm     .   t - +2 cloak
rCorr   .          Rampage  .   (no gloves)
Will    .....                   (boots unavailable)
Stlth   ++........              (no amulet)
HPRegen 0.11/turn               x - ring of protection from cold
MPRegen 0.00/turn               y - ring of ice

@: flying
A: sickness immunity, fire resistance 2, cold vulnerability 1, float, innate
caster, hp casting, extra vitality 1
a: no special abilities


You were on level 4 of the Dungeon.
You visited 1 branch of the dungeon, and saw 4 of its levels.

You collected 73 gold pieces.

Inventory:

Hand Weapons
 c - a +0 short sword
 d - a +0 spear
 o - a +2 vampiric dagger
 s - a +1 dagger of speed
Missiles
 f - 22 poisoned darts
 g - 56 stones
 i - 11 sling bullets
 v - 4 atropa-tipped darts
 w - 34 bolts
Armour
 a - a +0 robe (worn)
 l - an orb of wrath
 t - a +2 cloak (worn)
Magical Staves
 q - a staff of fire (weapon)
Jewellery
 x - a ring of protection from cold (left hand)
 y - a ring of ice (right hand)
Scrolls
 e - a scroll of teleportation {unknown}
 h - 2 scrolls of fog {unknown}
 k - a scroll of enchant weapon {unknown}
 m - a scroll of amnesia {unknown}
 p - 3 scrolls of identify {unknown}
Potions
 b - 2 potions of flight {unknown}
 j - 2 potions of cancellation {unknown}
 n - a potion of invisibility {unknown}
 r - a potion of ambrosia {unknown}
 u - a potion of degeneration {unknown}
 z - a potion of resistance {unknown}
 A - a potion of might {unknown}


   Skills:
 - Level 2.1 Dodging
 - Level 1.5 Stealth
 + Level 4.6 Spellcasting


You couldn't memorise any spells.
You knew the following spells:

 Your Spells              Type           Power      Damage    Failure   Level
a - Foxfire               Conj/Fire      100%       2x1d9     1%          1
b - Scorch                Fire           66%        2d8       2%          2
c - Conjure Flame         Conj/Fire      33%        6-21      5%          3
d - Inner Flame           Hex/Fire       33%        N/A       5%          3
e - Flame Wave            Conj/Fire      33%        2d7       19%         4
f - Shock                 Conj/Air       88%        1d8       1%          1
g - Corpse Rot            Necr/Air       44%        N/A       2%          2
Your spell library was empty.

Dungeon Overview and Level Annotations

Branches:
Dungeon (4/15)
 Temple: D:4-7

Altars:

Annotations:
D:4 Edmund


Innate Abilities, Weirdness & Mutations

You are immune to sickness and miasma.
You are immune to poison.
Your flesh is very heat resistant. (rF++)
You are vulnerable to cold. (rC-)
You float through the air rather than walking.
You learn spells naturally, not from books.
Your magical power is your life essence.
You have superior vitality. (+4 MHP)


Message History

You feel a surge of power!
Flames lash Edmund.
Edmund is moderately wounded.
Edmund's fire resistance burns away.
The foxfire hits Edmund but does no damage.
Edmund is moderately wounded.
The foxfire hits Edmund but does no damage.
Edmund is moderately wounded.
The foxfire hits Edmund.
Edmund is burned terribly!
Edmund is heavily wounded.
Casting: Scorch (safe; 2% risk of failure)
Confirm with . or Enter, or press ? or * to list all spells.
You feel a surge of power!
Flames lash Edmund but do no damage.
Casting: Scorch (safe; 2% risk of failure)
Confirm with . or Enter, or press ? or * to list all spells.
You feel a surge of power!
Flames lash Edmund.
Edmund is heavily wounded.
Edmund barely misses you.
Casting: Scorch (safe; 2% risk of failure)
Confirm with . or Enter, or press ? or * to list all spells.
You feel a surge of power!
Flames lash Edmund.
Edmund is burned terribly!
Edmund is severely wounded.
Edmund is no longer more vulnerable to fire.
Edmund barely misses you.
Casting: Scorch (safe; 2% risk of failure)
Confirm with . or Enter, or press ? or * to list all spells.
You feel a surge of power!
Flames lash Edmund.
Edmund is almost dead.
Edmund's fire resistance burns away.
Edmund completely misses you.
Casting: Scorch (safe; 2% risk of failure)
Confirm with . or Enter, or press ? or * to list all spells.
You feel a surge of power!
Flames lash Edmund but do no damage.
Edmund hits you with a +2 dire flail of protection!
* * * LOW HITPOINT WARNING * * *
Casting: Scorch (safe; 2% risk of failure)
Confirm with . or Enter, or press ? or * to list all spells.
You feel a surge of power!
Flames lash Edmund.
Edmund is burned terribly!
Edmund is almost dead.
* * * LOW HITPOINT WARNING * * *
Edmund hits you with a +2 dire flail of protection!
You die...

# #.#.# #.#.#.#
#.#)#.#
#..<..######
###........#
#..#####.#
#.....##.#
##.##.##.# #
#...@@..#####..#
####...†.......#
##########..# #


You could see Edmund (combustible).

Vanquished Creatures
  2 gnolls
  7 adders
  2 worms
  2 dart slugs
  5 orcs
  8 ball pythons
  6 endoplasms
  3 giant cockroaches
  4 goblins
  3 hobgoblins
  7 kobolds
  5 quokkas
  5 bats
  9 frilled lizards
  6 rats
74 creatures vanquished.

Vanquished Creatures (collateral kills)
  3 foxfires (D:3)
3 creatures vanquished.

Vanquished Creatures (others)
  259 foxfires
  12 plants (D:3)
271 creatures vanquished.

Grand Total: 348 creatures vanquished

Notes
Turn   | Place    | Note
-------+----------+-------------------------------------------
     0 | D:1      | bearlyready the Djinni Fire Elementalist began the quest
                  | for the Orb.
     0 | D:1      | Reached XP level 1. HP: 15/15 MP: 0/0
   146 | D:1      | Reached XP level 2. HP: 13/21 MP: 0/0
   331 | D:1      | Reached skill level 3 in Spellcasting
   331 | D:1      | Reached XP level 3. HP: 17/25 MP: 0/0
   331 | D:1      | Learned a level 1 spell: Shock
  1500 | D:2      | Reached XP level 4. HP: 27/31 MP: 0/0
  1652 | D:2      | Noticed a golden eye
  1654 | D:2      | Found a faded altar of an unknown god.
  1656 | D:2      | Noticed a floating eye
  1656 | D:2      | Noticed a golden eye
  1656 | D:2      | Noticed a floating eye
  2249 | D:2      | Reached skill level 4 in Spellcasting
  2507 | D:3      | Reached XP level 5. HP: 25/35 MP: 0/0
  2507 | D:3      | Learned a level 2 spell: Corpse Rot
  4031 | D:4      | Noticed Edmund
  4045 | D:4      | Slain by Edmund

Illustrated notes

Levels and vault maps discovered:
D:1:      grunt_arrival_crossed_arrows, layout_loops_cross,
          minmay_close_crescents
D:2:      layout_loops_ring, hellmonk_ecumenical_altar_watching_god,
          minmay_liquid_box, amcnicky_mini_pool_small
D:3:      layout_loops_ring, grunt_ministairs_4, chequers_big_river,
          minivault_5, kennysheep_generic_room_7
D:4:      layout_loops_cross, kennysheep_little_box, minmay_temple_entry_hall,
          gammafunk_ghost_mausoleum, uniq_edmund

Skill      XL: |  1  2  3  4 |
---------------+-------------+-----
Spellcasting   | 3 4 |  4.6
Dodging        | |  2.1
Stealth        | |  1.5

Action                   |  1- 3 |  4- 6 || total
-------------------------+-------+-------++-------
Melee: Unarmed           |     2 |       ||     2
       Spear             |     4 |     1 ||     5
       Staff             |       |    20 ||    20
 Cast: Foxfire           |    55 |   102 ||   157
       Scorch            |       |    14 ||    14
 Stab: Sleeping          |       |     2 ||     2
Armor: Robe              |     2 |     8 ||    10
Dodge: Dodged            |    12 |    26 ||    38

Table legend: (Time is in decaauts)
 A = Elapsed time spent in this place.
 B = Non-inter-level travel time spent in this place.
 C = Inter-level travel time spent in this place.
 D = Time resting spent in this place.
 E = Time spent auto-exploring this place.
 F = Levels seen in this place.
 G = Mean time per level.
                   A        B        C        D        E       F      G
               +--------+--------+--------+--------+--------+-----+--------+
         Total |   4048 |   3885 |    163 |    170 |   3239 |   4 | 1012.0 |
       Dungeon |   4048 |   3885 |    163 |    170 |   3239 |   4 | 1012.0 |
               +--------+--------+--------+--------+--------+-----+--------+

Top non-repeatable levels by time:
     D:1: 1367 daAuts
     D:2: 1331 daAuts
     D:3: 1267 daAuts
     D:4: 81 daAuts
